 Dungeon Crawl Stone Soup version 0.29.1-2-gbd0b4ee654 (webtiles) character file.

Game seed: 16100833862996645299

7 Hadkhar the Skirmisher (level 2, 26/26 HPs)
             Began as a Gnoll Hunter on Nov 19, 2022.
             Quit the game on level 1 of the Dungeon.
             The game lasted 00:03:18 (143 turns).

Hadkhar the Skirmisher (Gnoll Hunter)                Turns: 143, Time: 00:03:19

Health: 26/26      AC:  3    Str: 10    XL:     2   Next: 0%
Magic:  2/2        EV: 13    Int:  8    God:
Gold:   23         SH:  0    Dex: 15    Spells: 1/1 levels left

rFire   . . .      SeeInvis .   a - +0 shortbow
rCold   . . .      Faith    .   (shield currently unavailable)
rNeg    . . .      Spirit   .   c - +0 leather armour
rPois   .          Reflect  .   (no helmet)
rElec   .          Harm     .   (no cloak)
rCorr   .          Rampage  .   (no gloves)
Will    .....                   (no boots)
Stlth   ++........              (no amulet)
HPRegen 0.08/turn               (no ring)
MPRegen 0.08/turn               (no ring)

@: no status effects
A: fangs 1, strong nose, distributed training
a: no special abilities


You were on level 1 of the Dungeon.
You visited 1 branch of the dungeon, and saw 1 of its levels.

You collected 23 gold pieces.

Inventory:

Hand Weapons
 a - a +0 shortbow (weapon)
 k - a +2 whip of distortion
Armour
 c - a +0 leather armour (worn)
Scrolls
 b - a scroll of immolation
 d - a scroll of amnesia {unknown}
 e - a scroll of summoning {unknown}
 j - a scroll of identify {unknown}
Potions
 f - a potion of haste {unknown}
 g - a potion of heal wounds {unknown}
 i - a potion of lignification {unknown}


   Skills:
 + Level 4.4 Fighting
 + Level 0.2 Short Blades
 + Level 0.2 Long Blades
 + Level 0.2 Axes
 + Level 0.2 Maces & Flails
 + Level 0.2 Polearms
 + Level 0.2 Staves
 + Level 8.4 Ranged Weapons
 + Level 0.2 Throwing
 + Level 0.2 Armour
 + Level 4.4 Dodging
 + Level 2.2 Stealth
 + Level 0.2 Shields
 + Level 0.2 Unarmed Combat
 + Level 0.2 Spellcasting
 + Level 0.1 Conjurations
 + Level 0.1 Hexes
 + Level 0.1 Summonings
 + Level 0.1 Necromancy
 + Level 0.1 Translocations
 + Level 0.1 Transmutations
 + Level 0.1 Fire Magic
 + Level 0.1 Ice Magic
 + Level 0.1 Air Magic
 + Level 0.1 Earth Magic
 + Level 0.1 Poison Magic
 + Level 0.3 Invocations
 + Level 0.2 Evocations


You had one spell level left.
You didn't know any spells.
Your spell library was empty.

Dungeon Overview and Level Annotations

Branches:
Dungeon (1/15)

Altars:


Innate Abilities, Weirdness & Mutations

You have very sharp teeth.
Your uncanny sense of smell can sniff out nearby items.
Your experience applies equally to all skills.


Message History

Found a silvery potion.
i - a silvery potion
Found a dagger.
Found a scroll labelled LEDDORPH VEUCAS.
You see here a +0 dagger.
j - a scroll labelled LEDDORPH VEUCAS You see here a +0 dagger.
You open the door.
A ball python comes into view.
There is an open door here.
Found a Necronomicon and a glowing whip.
The ball python hisses angrily.
Fire: a) +0 shortbow
Press: ? - help, Q - select action Shift-Dir - straight line, f - ball python
Aim: a ball python (62% to hit)
You shoot an arrow. The arrow hits the ball python.
The ball python is heavily wounded.
The ball python bites you. The ball python misses you.
Fire: a) +0 shortbow
Press: ? - help, Q - select action Shift-Dir - straight line, f/p - ball python
Aim: a ball python (heavily wounded, 62% to hit)
You shoot an arrow. The arrow hits the ball python.
You kill the ball python!
You start resting.
HP restored.
A ball python comes into view.
The ball python hisses angrily.
You see here a +2 whip of distortion.
Fire: a) +0 shortbow
Press: ? - help, Q - select action Shift-Dir - straight line, f - ball python
Aim: a ball python (62% to hit)
You shoot an arrow. The arrow hits the ball python!
You kill the ball python!
You have reached level 2!
k - a +2 whip of distortion You drop a +0 short sword.
Saving game... please wait.
Welcome back, Hadkhar the Gnoll Hunter.
Press ? for a list of commands and other information.
Are you sure you want to abandon this character and quit the game? (Confirm with "yes".)

...≈≈#.......#..#.#
....§#.......#..#.#
....≈#......†'..#.#
8..###.......##+#.#
...#g#............####+#
######..................
...# .................†.
...##..#...........:....
.###.....####...@.##....
##...#### #####+# ###
....# ..##### ......# ∆
.####.# .# .# ##


There were no monsters in sight!

Vanquished Creatures
  3 ball pythons (D:1)
  A giant cockroach (D:1)
  A goblin (D:1)
5 creatures vanquished.

Notes
Turn   | Place    | Note
-------+----------+-------------------------------------------
     0 | D:1      | Hadkhar the Gnoll Hunter began the quest for the Orb.
     0 | D:1      | Reached XP level 1. HP: 20/20 MP: 1/1
   141 | D:1      | Reached XP level 2. HP: 26/26 MP: 2/2
   143 | D:1      | Quit the game

Illustrated notes

Levels and vault maps discovered:
D:1:      lordsloth_arrival_two_stooges, layout_basic

Action                   || total
-------------------------++-------
 Fire: Shortbow          ||     7
Dodge: Dodged            ||     1
